[Event "White Rook U14 Final 2019"]
[Site "Sochi"]
[Date "2019.06.06"]
[Round "5.5"]
[White "Kurus, Artem"]
[Black "Erastov, Semen"]
[Result "1-0"]
[ECO "D31"]
[WhiteElo "1769"]
[BlackElo "2028"]
[Annotator "NA RC"]
[PlyCount "100"]
[EventDate "2019.06.02"]
[EventCountry "RUS"]
[SourceTitle "playchess.com"]
[Source "ChessBase"]
[SourceQuality "1"]
[TimeControl "5400+30"]

1. d4 d5 2. c4 e6 3. Nc3 c6 4. cxd5 exd5 5. Qc2 Bd6 6. Nf3 Ne7 7. Bg5 f6 8. Bd2 {[%emt 0:00:18] D31: Queen's Gambit Declined: Semi-Slav without ...Nf6 (+ Marshall Gambit and Noteboom) and Exchange Variation lines without ...Nf6} O-O (8... Na6 9. e4 Nb4 10. Qb3 a5 11. a3 a4 12. Qd1 dxe4 13. Nxe4 Nbd5 14. Bc4 Be6 15. O-O O-O {½-½ (34) Ivanchuk,V (2728)-Kramnik,V (2803) Tbilisi 2017}) 9. e4 Bg4 $146 ({Predecessor:} 9... dxe4 10. Nxe4 Nd5 11. Nxd6 Qxd6 12. Bd3 Re8+ 13. Kf1 f5 14. Bxf5 Bxf5 15. Qxf5 Nd7 {0-1 (36) Kekki,P (2371)-Volkov,S (2597) Rethymno 2010}) 10. Bd3 dxe4 11. Nxe4 Bxf3 12. gxf3 f5 13. Ng5 Qd7 14. O-O-O Na6 15. Qb3+ Nd5 16. Bc4 Nac7 17. f4 b5 18. Bf1 {[%emt 0:06:25] [#]} (18. Bxd5+ $1 $11 {and White has nothing to worry.} Nxd5 19. Nf3) 18... Ne6 $2 {[%emt 0:02:08] [#]} (18... a5 $1 $19 19. Rg1 a4) 19. Nxe6 (19. Bxb5 $1 $11 Nexf4 (19... cxb5 20. Qxd5) 20. Bc4) 19... Qxe6 20. Re1 Qf7 21. Qf3 Rac8 22. Bg2 (22. Kb1 $142) 22... a5 ({Better is} 22... Nb4 $17 23. d5 Qxd5 24. Qxd5+ Nxd5) 23. Re2 a4 24. Rhe1 Nb4 25. Re6 Nxa2+ 26. Kb1 Nb4 27. d5 Qc7 {[%emt 0:05:58] [#]} 28. Bxb4 (28. dxc6 $1 $16 Rfd8 29. Bxb4 Bxb4 30. R1e5) 28... Bxb4 29. Rxc6 Qxc6 $2 (29... Qd7 $11 {and Black stays safe.} 30. Re5 Bd6) 30. dxc6 Bxe1 31. Qd5+ Kh8 {[%emt 0:00:00] [#]} 32. Qxb5 (32. Bh3 $1 $18 {is the precise move to win.}) 32... a3 33. b3 Bxf2 34. Ka2 Bd4 ({Better is} 34... Be3) 35. Qc4 Rfd8 36. Bd5 ({Inferior is} 36. c7 Rd7 $17) 36... Bb2 $2 (36... Bb6 $16 37. b4 (37. Kxa3 Ra8+ 38. Kb2 Ra5 $14) 37... Rd6) 37. b4 Bc1 38. Qxc1 Rxd5 39. Kxa3 $18 Rd3+ 40. Kb2 h6 41. b5 Rb8 42. Qc4 Rd2+ 43. Kb3 Rd1 44. Kc2 Rd6 45. Qc5 Re6 46. c7 Rc8 47. b6 Re2+ 48. Kd3 Rb2 49. Kc3 Rb1 50. Kc2 Ra8 1-0

[Event "White Rook U14 Final 2019"]
[Site "Sochi"]
[Date "2019.06.06"]
[Round "5.6"]
[White "Zhukov, Maksim"]
[Black "Usov, Aleksandr E."]
[Result "0-1"]
[ECO "B11"]
[WhiteElo "1986"]
[BlackElo "1812"]
[Annotator "NA RC"]
[PlyCount "108"]
[EventDate "2019.06.02"]
[EventCountry "RUS"]
[SourceTitle "playchess.com"]
[Source "ChessBase"]
[SourceQuality "1"]
[TimeControl "5400+30"]

1. e4 c6 2. Nc3 d5 3. Nf3 Bg4 4. h3 Bxf3 5. Qxf3 e6 6. d3 Nf6 7. g4 Bb4 {[%emt 0:01:21] B11: Caro-Kann: Two Knights Variation} 8. Bd2 (8. a3 Qa5 9. Bd2 d4 10. Nb1 Na6 11. c3 dxc3 12. Nxc3 Bc5 13. Bg2 Qd8 14. Ne2 Nc7 15. g5 {0-1 (50) Lu,S (2627)-Melkumyan,H (2633) Doha 2016}) 8... d4 9. Nb1 Qb6 10. b3 c5 11. a3 Bxd2+ 12. Nxd2 Nfd7 $146 ({Predecessor:} 12... Nc6 13. Bg2 Qc7 14. O-O Nd7 15. Nc4 O-O 16. Rae1 {½-½ (16) Chernomordik,P (2305)-Logothetis,S (2248) Moscow 2003}) 13. Qg3 e5 14. f4 Nc6 15. h4 exf4 16. Qxf4 Nce5 17. g5 Qd6 18. Qg3 O-O-O 19. Bh3 Kb8 20. Bxd7 Rxd7 21. Ke2 Nc4 22. Qxd6+ Nxd6 23. a4 a5 24. Raf1 Re7 25. Rf4 h6 {[%emt 0:01:56] [#]} 26. Rg1 $1 hxg5 27. Rxg5 f5 28. Kd1 Rhe8 29. Rgxf5 ({White should try} 29. Kc1 $16) 29... Nxf5 30. Rxf5 Re5 31. Rxe5 (31. Rf7 $15) 31... Rxe5 32. Nf3 Rh5 33. Ke1 Kc7 34. Kf2 Kc6 35. Kg3 b5 36. axb5+ Kxb5 37. Kg4 g6 38. Ng5 Kb4 39. Nf7 Kc3 40. e5 Rf5 ({Don't go for} 40... c4 $2 41. e6 $16) 41. e6 {[%emt 0:00:18] [#]} Rf6 $1 42. Ng5 {[%emt 0:00:22] [#]} Rf8 $19 43. Ne4+ Kxc2 44. Nxc5 Rc8 45. e7 Re8 46. Kg5 Rxe7 47. Kxg6 Re5 48. Nd7 Rd5 49. Nf6 Rd8 50. h5 Kxb3 51. h6 a4 52. h7 Rh8 53. Kg7 Rxh7+ 54. Kxh7 a3 0-1

[Event "White Rook U14 Final 2019"]
[Site "Sochi"]
[Date "2019.06.06"]
[Round "5.7"]
[White "Saikin, Ilia"]
[Black "Ermolaev, Ivan"]
[Result "0-1"]
[ECO "D02"]
[WhiteElo "1641"]
[BlackElo "1776"]
[Annotator "NA RC"]
[PlyCount "70"]
[EventDate "2019.06.02"]
[EventCountry "RUS"]
[SourceTitle "playchess.com"]
[Source "ChessBase"]
[SourceQuality "1"]
[TimeControl "5400+30"]

1. d4 Nf6 2. Nf3 g6 3. Nbd2 d5 4. b4 Bg7 5. e3 O-O 6. c4 b6 7. b5 c5 8. Bb2 Bb7 9. Be2 Nbd7 10. O-O Qc7 11. Rc1 Rac8 12. a4 Rfd8 13. Qb3 e6 14. Qa2 dxc4 15. Bxc4 Nd5 16. Qa1 Qd6 17. Nb3 Qe7 18. Rfe1 cxd4 19. Nfxd4 Ne5 20. Nd2 Qh4 21. g3 Qh6 22. Be2 Nb4 23. Rxc8 Rxc8 24. Rc1 Rxc1+ 25. Qxc1 Nbd3 26. Bxd3 Nxd3 27. Qc7 Nxb2 28. Qb8+ Bf8 29. Qxb7 Qh5 30. f3 Qc5 31. Qxa7 e5 32. N2b3 Qc3 33. Qxb6 exd4 34. Nxd4 Nxa4 35. Nc6 Nxb6 0-1

[Event "White Rook U14 Final 2019"]
[Site "Sochi"]
[Date "2019.06.06"]
[Round "5.8"]
[White "Kuzmina, Varvara"]
[Black "Krupnova, Anna"]
[Result "0-1"]
[ECO "E11"]
[WhiteElo "1190"]
[BlackElo "1714"]
[Annotator "NA RC"]
[PlyCount "68"]
[EventDate "2019.06.02"]
[EventCountry "RUS"]
[SourceTitle "playchess.com"]
[Source "ChessBase"]
[SourceQuality "1"]
[TimeControl "5400+30"]

1. d4 Nf6 2. Nf3 e6 3. c4 Bb4+ 4. Bd2 Qe7 5. a3 Bxd2+ 6. Nbxd2 O-O 7. g3 d6 8. Bg2 e5 9. e3 Re8 10. O-O e4 11. Ng5 Bf5 12. Nh3 c5 13. dxc5 dxc5 14. Qc2 Nc6 15. Nf4 Rad8 16. Rfd1 g5 17. Ne2 Ne5 18. Nb3 Bg4 19. Rxd8 Rxd8 20. Nc3 Nf3+ 21. Kh1 Qe5 22. Rd1 Rxd1+ 23. Qxd1 Qf5 24. Qf1 Qg6 25. Nb1 Qh6 26. h3 Bxh3 27. Bxh3 g4 28. Nxc5 Ng5 29. Qg2 Nxh3 30. Qh2 Nxf2+ 31. Kg2 Qxe3 32. Kf1 Nh3 33. Nxb7 Qc1+ 34. Kg2 Qxb2+ 0-1

[Event "White Rook U14 Final 2019"]
[Site "Sochi"]
[Date "2019.06.06"]
[Round "5.9"]
[White "Suvanbekov, Jahangir"]
[Black "Putrenko, Kirill"]
[Result "0-1"]
[ECO "D02"]
[WhiteElo "1569"]
[BlackElo "2010"]
[Annotator "NA RC"]
[PlyCount "108"]
[EventDate "2019.06.02"]
[EventCountry "RUS"]
[SourceTitle "playchess.com"]
[Source "ChessBase"]
[SourceQuality "1"]
[TimeControl "5400+30"]

1. d4 Nf6 2. Bf4 e6 3. e3 c5 4. c3 d5 5. Bd3 Nc6 6. Nf3 Bd6 7. Bg3 O-O 8. Nbd2 b6 9. O-O {[%emt 0:01:14] D02: 1 d4 d5 2 Nf3 sidelines, including 2...Nf6 3 g3 and 2...Nf6 3 Bf4} (9. Qe2 Bb7 10. Rd1 Re8 11. e4 Be7 12. e5 Nh5 13. h4 cxd4 14. Nxd4 Nxg3 15. fxg3 Bc5 16. N2f3 f5 {½-½ (45) Esipenko,A (2593)-Karjakin,S (2753) St Petersburg 2018}) 9... Bb7 10. e4 Be7 11. e5 $146 ({Predecessor:} 11. dxc5 bxc5 12. Re1 c4 13. Bc2 Nh5 14. exd5 exd5 15. Nf1 Nxg3 16. Nxg3 Bc8 {½-½ (42) Veleshnja,Z (2155)-Varacalli,F (2334) Porto Carras 2018}) 11... Nh5 12. a3 g6 13. Qe2 Kg7 14. Rfe1 Nxg3 15. hxg3 h5 16. Kh2 g5 17. Bb5 (17. Qe3 $15) 17... g4 18. Ng1 Rh8 19. Qd1 cxd4 20. Bxc6 Bxc6 21. cxd4 Rh6 (21... Qg8 $17 22. Rc1 Bb5) 22. Ne2 Bb5 23. Rh1 (23. Kg1 $11) 23... Bd3 (23... f5 $17 24. Kg1 Rc8) 24. Kg1 (24. Nf1 $15 Bxe2 25. Qxe2) 24... Bf5 25. Nf1 Bg5 26. Nf4 h4 27. Ne3 hxg3 28. Nh5+ Kf8 29. Nxg3 Rxh1+ 30. Nxh1 Bxe3 31. fxe3 Qh4 32. Qe1 Qxe1+ 33. Rxe1 Rc8 34. Kf2 Bd3 35. Kg3 $1 Rc2 36. Nf2 Bf5 37. Nd1 Rd2 38. a4 a5 39. Rg1 Kg7 40. Kf4 Kg6 41. Kg3 Kg5 42. Rf1 Re2 (42... Bg6 $17 43. Nf2 Bf5) 43. Rh1 {[%emt 0:03:10] [#]} Be4 $1 44. Rg1 Bc2 45. Rf1 Bxd1 {[%emt 0:00:00] Discovered Attack} 46. Rxd1 Rxe3+ 47. Kf2 Rb3 48. Rd2 Kf4 49. Rc2 g3+ 50. Ke2 Ke4 51. Rc7 Rxb2+ 52. Ke1 Kxd4 53. Rxf7 Kxe5 54. Rf3 Rxg2 $19 0-1

[Event "White Rook U14 Final 2019"]
[Site "Sochi"]
[Date "2019.06.06"]
[Round "5.10"]
[White "Ismagilov, Igor"]
[Black "Solomko, Artur"]
[Result "1/2-1/2"]
[ECO "D02"]
[WhiteElo "1803"]
[BlackElo "1498"]
[Annotator "NA RC"]
[PlyCount "114"]
[EventDate "2019.06.02"]
[EventCountry "RUS"]
[SourceTitle "playchess.com"]
[Source "ChessBase"]
[SourceQuality "1"]
[TimeControl "5400+30"]

1. d4 d5 2. Bf4 c5 3. c3 Nc6 4. e3 e6 5. Nd2 Nf6 6. Bd3 Be7 7. h3 O-O 8. Ngf3 b6 9. Ne5 {[%emt 0:02:50] D02: 1 d4 d5 2 Nf3 sidelines, including 2...Nf6 3 g3 and 2...Nf6 3 Bf4} Bb7 10. O-O Bd6 (10... Nd7 11. Nxc6 Bxc6 12. a4 a5 13. Qe2 Nf6 14. Nf3 Bb7 15. Bb5 Qc8 16. Rac1 {0-1 (51) Vachier Lagrave,M (2723)-Caruana,F (2697) Biel 2010}) 11. Ndf3 Qc7 12. a4 h6 13. Qe2 Nd7 14. Nxc6 $146 ({Predecessor:} 14. Nxd7 Qxd7 15. Ne5 Nxe5 16. Bxe5 Bxe5 17. dxe5 f5 18. exf6 Rxf6 {1-0 (46) Mueller,T-Kruse,W Baunatal 1998}) 14... Bxc6 15. Bxd6 Qxd6 16. e4 dxe4 17. Bxe4 Bxe4 18. Qxe4 Rfe8 19. Rfd1 Qc7 20. Rd2 Rad8 21. Rad1 Nf6 22. Qe5 Qc6 23. dxc5 Rxd2 24. Rxd2 bxc5 25. b3 Rc8 26. c4 Qb6 27. Rd3 Qb4 28. Qe2 Qb6 29. Ne5 Rd8 30. Kf1 Rd6 31. Qd1 Rxd3 32. Qxd3 Qc7 33. f4 Kf8 34. Kf2 Ke7 35. a5 Nd7 36. Qc3 Nb8 37. b4 $11 (37. Qg3 $5 Nd7 38. Qxg7 Nxe5 39. Qxe5 (39. fxe5 Qxa5 40. Qf6+ Ke8 $11) 39... Qxa5 40. Kf3 $11) 37... Nc6 38. bxc5 Nxe5 39. Qxe5 Qxa5 40. Qd6+ Kf6 41. Qe5+ Ke7 42. Qd6+ Kf6 43. Qd4+ Ke7 44. Kg3 Qe1+ 45. Kh2 Qb4 46. c6 Qd6 47. Qxa7+ Kf6 48. Qa1+ Ke7 49. Qa7+ Kf6 50. Qa1+ Ke7 51. Qa7+ Kf6 52. Qe3 Qxc6 53. Qe5+ Kg6 54. c5 f6 55. Qd4 Kf7 56. Qc4 Ke7 57. Qb4 Kd7 1/2-1/2

[Event "White Rook U14 Final 2019"]
[Site "Sochi"]
[Date "2019.06.06"]
[Round "5.11"]
[White "Alisherov, Alikhan"]
[Black "Khodko, Yurii N."]
[Result "0-1"]
[ECO "E63"]
[WhiteElo "1567"]
[BlackElo "1727"]
[Annotator "NA RC"]
[PlyCount "47"]
[EventDate "2019.06.02"]
[EventCountry "RUS"]
[SourceTitle "playchess.com"]
[Source "ChessBase"]
[SourceQuality "1"]
[TimeControl "5400+30"]

1. d4 Nf6 2. Nf3 g6 3. g3 Bg7 4. Bg2 O-O 5. O-O d6 6. c4 Nc6 7. Nc3 a6 8. e3 Bd7 9. a3 a5 10. b3 Qc8 11. Bb2 Bh3 12. Qc2 Bxg2 13. Kxg2 Nd7 14. Rad1 e5 15. Ne2 f5 16. d5 Nd8 17. b4 b6 18. Bc3 axb4 19. axb4 e4 20. Bxg7 exf3+ 21. Kxf3 Kxg7 22. Kg2 Kg8 23. Nd4 Re8 24. g4 0-1

[Event "White Rook U14 Final 2019"]
[Site "Sochi"]
[Date "2019.06.06"]
[Round "5.12"]
[White "Loviagina, Dariana"]
[Black "Pazylbekova, Nurzhamal"]
[Result "1-0"]
[ECO "D05"]
[WhiteElo "1297"]
[BlackElo "1155"]
[Annotator "NA RC"]
[PlyCount "71"]
[EventDate "2019.06.02"]
[EventCountry "RUS"]
[SourceTitle "playchess.com"]
[Source "ChessBase"]
[SourceQuality "1"]
[TimeControl "5400+30"]

1. Nf3 d5 2. b3 e6 3. Bb2 Nf6 4. e3 Be7 5. d4 Nbd7 6. Bd3 c5 7. O-O b6 8. Nbd2 Bb7 9. Qe2 O-O 10. Ne5 h6 11. f4 Nxe5 12. fxe5 Nd7 13. Rf3 Bg5 14. Rg3 Kh8 15. Rf1 f5 16. exf6 Rxf6 17. Nf3 Rf8 18. Nxg5 Rxf1+ 19. Kxf1 Qf6+ 20. Nf3 Rg8 21. Rg6 Qe7 22. dxc5 Nf6 23. Bxf6 gxf6 24. Rxh6+ Kg7 25. Rh7+ Kf8 26. Rxe7 Kxe7 27. cxb6 axb6 28. Ba6 Bc6 29. Nd4 Ba8 30. Qb5 Rb8 31. Nc6+ Bxc6 32. Qxc6 Rh8 33. Qc7+ Kf8 34. Bc8 Rg8 35. Bxe6 Rg7 36. Qd8# 1-0

[Event "White Rook U14 Final 2019"]
[Site "Sochi"]
[Date "2019.06.06"]
[Round "5.13"]
[White "Sizov, Lev"]
[Black "Novoselov, Danil"]
[Result "1-0"]
[ECO "A70"]
[WhiteElo "1692"]
[BlackElo "1723"]
[Annotator "NA RC"]
[PlyCount "79"]
[EventDate "2019.06.02"]
[EventCountry "RUS"]
[SourceTitle "playchess.com"]
[Source "ChessBase"]
[SourceQuality "1"]
[TimeControl "5400+30"]

1. d4 Nf6 2. c4 c5 3. d5 e6 4. Nc3 exd5 5. cxd5 d6 6. e4 g6 7. h3 Bg7 8. Nf3 O-O 9. Bd3 a6 10. a4 Re8 11. O-O Nbd7 12. Bf4 Qc7 13. Re1 Nh5 14. Bh2 Ne5 15. Nxe5 Bxe5 16. Bxe5 Rxe5 17. Qd2 Bd7 18. f4 Ree8 19. b3 Ng7 20. a5 b5 21. axb6 Qxb6 22. Bc4 Bb5 23. Qd3 Nh5 24. Bxb5 axb5 25. Qxb5 Qxb5 26. Nxb5 Rxa1 27. Rxa1 Rxe4 28. Nxd6 Rd4 29. Ra8+ Kg7 30. Ne8+ Kh6 31. d6 Nxf4 32. Ra7 g5 33. Rxf7 Rd1+ 34. Kf2 Rd2+ 35. Kf3 Ng6 36. Ke3 Rd1 37. d7 Ne5 38. Rf6+ Kh5 39. Ng7+ Kh4 40. Nf5+ 1-0

[Event "White Rook U14 Final 2019"]
[Site "Sochi"]
[Date "2019.06.06"]
[Round "5.14"]
[White "Shmarov, Mikhail"]
[Black "Komissarova, Soigina"]
[Result "0-1"]
[ECO "B25"]
[WhiteElo "1724"]
[BlackElo "1665"]
[Annotator "NA RC"]
[PlyCount "138"]
[EventDate "2019.06.02"]
[EventCountry "RUS"]
[SourceTitle "playchess.com"]
[Source "ChessBase"]
[SourceQuality "1"]
[TimeControl "5400+30"]

1. e4 c5 2. Nc3 e6 3. g3 Nc6 4. Bg2 a6 5. a4 g6 6. Nge2 Bg7 7. d3 Rb8 8. O-O Nge7 9. Be3 d6 10. Qd2 O-O 11. Bh6 b5 12. Bxg7 Kxg7 13. b3 b4 14. Nd1 d5 15. Ne3 dxe4 16. Bxe4 f5 17. Bg2 e5 18. Nc4 Be6 19. Qe3 Bxc4 20. dxc4 Qb6 21. Nc1 f4 22. gxf4 exf4 23. Qe4 Qc7 24. Re1 Rbe8 25. Ne2 Nd8 26. Rad1 Nec6 27. Qd5 Ne5 28. Nc1 f3 29. Bh3 Ndf7 30. Nd3 Nxd3 31. cxd3 Rd8 32. Qe4 Ng5 33. Qh4 h6 34. Bf1 Rd4 35. Qg3 Rff4 36. Kh1 Qd7 37. Re3 Ne4 38. Rxe4 Rdxe4 39. Bh3 Qd6 40. Qg1 Rd4 41. Re1 Rf6 42. Bf1 Rh4 43. Qg3 Qxg3 44. fxg3 Rh5 45. Re4 Rhf5 46. Kg1 f2+ 47. Kg2 g5 48. a5 Kf7 49. Re2 h5 50. Rd2 g4 51. Re2 Rf3 52. Re5 R6f5 53. Re4 Rf6 54. Re5 R3f5 55. Re4 Rd6 56. h4 Re6 57. Rf4 Rxf4 58. gxf4 Re3 59. Kxf2 Rf3+ 60. Kg2 Rxf4 61. Be2 Kf6 62. Kg3 Rf5 63. Kg2 Ke5 64. Kg3 Kd4 65. Bxg4 hxg4 66. Kxg4 Rf1 67. h5 Rh1 68. Kf5 Rxh5+ 69. Ke6 Rh6+ 0-1

[Event "White Rook U14 Final 2019"]
[Site "Sochi"]
[Date "2019.06.06"]
[Round "5.15"]
[White "Zhambalov, Bator"]
[Black "Lotcmanov, Aleksandr"]
[Result "1-0"]
[ECO "C24"]
[WhiteElo "1865"]
[BlackElo "1326"]
[Annotator "NA RC"]
[PlyCount "103"]
[EventDate "2019.06.02"]
[EventCountry "RUS"]
[SourceTitle "playchess.com"]
[Source "ChessBase"]
[SourceQuality "1"]
[TimeControl "5400+30"]

1. e4 e5 2. Nf3 d6 3. Bc4 Be7 4. d3 Nf6 5. Bg5 (5. O-O O-O 6. Re1 Nc6 7. a4 Bg4 8. h3 Bh5 9. Nbd2 Nd4 10. g4 Nxf3+ 11. Qxf3 Bg6 12. Qg3 d5 13. exd5 Nxd5 14. Nf3 f6 15. Nxe5 fxe5 16. Qxe5 Bf7 17. Bxd5 Bxd5 18. Qxe7 Rf3 19. Qxd8+ Rxd8 20. Re5 Rxh3 21. Rh5 {½-½ (21) Wei,Y (2725)-Bu,X (2711) Ho Chi Minh City 2017}) 5... O-O 6. Nbd2 {[%emt 0:00:08] C24: Bishop's Opening: 2...Nf6} h6 7. Bh4 Nc6 8. h3 Bd7 9. O-O a6 $146 ({Predecessor:} 9... Nh5 10. Nh2 Bxh4 11. Qxh5 Qg5 12. Qxg5 Bxg5 13. Ndf3 Bf4 14. Ng4 Bxg4 15. hxg4 {1-0 (76) Feige,A (795)-Adelmeyer,N (1086) Willingen 2016}) 10. c3 b5 11. Bb3 Na5 12. d4 Nxb3 13. axb3 exd4 14. Nxd4 Re8 15. Re1 c5 16. N4f3 Nh7 17. Bxe7 Rxe7 18. c4 Bc6 19. Qc2 b4 20. e5 dxe5 21. Rxe5 Rxe5 22. Nxe5 Bb7 23. Rd1 Qf6 24. Nd3 Qg6 25. Ne1 Qc6 26. Ndf3 Re8 27. Qf5 Ng5 28. h4 Ne6 $2 (28... Qe6 $11 29. Qxc5 Nxf3+ 30. Nxf3 Bxf3 31. gxf3 Qh3 32. Qxb4 Qxf3) 29. Ne5 $1 {[%emt 0:00:55] Double Attack} Qc8 30. Qxf7+ Kh8 31. Rd7 Be4 32. f4 Rf8 33. Qxe6 Bf5 34. Qd5 Bxd7 35. Ng6+ Kh7 36. Nxf8+ Qxf8 37. Qxd7 Qxf4 38. Qd3+ Kh8 39. Nf3 Qc1+ 40. Kh2 Qxb2 41. h5 Qf6 42. Qe4 Qd6+ 43. Qe5 Qf8 44. Nh4 Qc8 {[%emt 0:00:33] [#]} 45. Ng6+ $18 (45. Nf5 $142 $1 Qf8 46. Ne7) 45... Kh7 46. Ne7 Qd8 47. Ng6 Qc8 48. Qe7 Qb8+ 49. g3 Kg8 50. Qe6+ Kh7 51. Qf7 Qd6 52. Qe8 1-0

[Event "White Rook U14 Final 2019"]
[Site "Sochi"]
[Date "2019.06.06"]
[Round "5.17"]
[White "Hrbek, Stepan"]
[Black "Abrazevich, Yauheni"]
[Result "0-1"]
[ECO "B06"]
[WhiteElo "2013"]
[BlackElo "1888"]
[Annotator "NA RC"]
[PlyCount "74"]
[EventDate "2019.06.02"]
[EventCountry "RUS"]
[SourceTitle "playchess.com"]
[Source "ChessBase"]
[SourceQuality "1"]
[TimeControl "5400+30"]

1. d4 g6 2. e4 Bg7 3. Nf3 d6 4. Bc4 Nf6 5. Qe2 O-O 6. O-O Nc6 7. c3 e5 {[%emt 0:04:57] B06: Modern Defence} 8. dxe5 dxe5 9. h3 (9. Na3 Nh5 10. Bg5 Bf6 11. Bh6 Re8 12. Qe3 Qe7 13. Rad1 Be6 14. Bd5 Nd8 15. Ng5 Bxg5 16. Bxg5 {½-½ (58) Potapov,P (2479)-Bocharov,D (2585) Sochi 2017}) 9... h6 10. b3 $146 ({Predecessor:} 10. b4 Nh5 11. Rd1 Qf6 12. Nh2 Nf4 13. Qf3 Be6 14. Bb5 {0-1 (25) Van der Put,F (2258)-Nezirovic,O (2013) Sarajevo 2017}) 10... Nh5 11. Ba3 Re8 12. Nbd2 Nf4 13. Qe3 Be6 ({Black should try} 13... h5 $15) 14. h4 ({White should try} 14. Bxe6 $11 Nxe6 15. Rfd1) 14... Qf6 15. g3 Nh5 16. Kg2 Kh7 (16... Bxc4 $15 17. Nxc4 Qe6) 17. Bxe6 Qxe6 18. Nc4 (18. Qe2 $11) 18... f5 19. Qe2 fxe4 20. Nfd2 ({Better is} 20. Qxe4 Nf6 21. Qc2) 20... b5 21. Nb2 {[%emt 0:00:30] [#]} Nf4+ $1 22. gxf4 exf4 23. f3 (23. Nxe4 $17 {was called for.} Qxe4+ 24. Qxe4 Rxe4 25. Rae1 f3+ {[%mdl 64] Discovered Attack} 26. Kxf3 Rxh4 27. Kg3) 23... b4 ({Weaker is} 23... Bxc3 24. Nxe4 b4 25. Rac1 $14) (23... exf3+ $19 24. Qxf3 b4) 24. cxb4 Nd4 25. Qxe4 Qf6 26. Qd3 Re3 27. Ne4 Qxh4 28. Rh1 Qe7 29. Qc4 Nxf3 30. Raf1 Rxe4 31. Rxf3 Rxc4 32. Nxc4 Qe2+ 33. Rf2 Qg4+ 34. Kf1 Rd8 35. Nd2 Bd4 36. Re2 Be3 37. Ke1 Bxd2+ 0-1

[Event "White Rook U14 Final 2019"]
[Site "Sochi"]
[Date "2019.06.06"]
[Round "5.18"]
[White "Dyl, Nikita"]
[Black "Soucek, Jan"]
[Result "1-0"]
[ECO "D43"]
[WhiteElo "1646"]
[BlackElo "1543"]
[Annotator "NA RC"]
[PlyCount "51"]
[EventDate "2019.06.02"]
[EventCountry "RUS"]
[SourceTitle "playchess.com"]
[Source "ChessBase"]
[SourceQuality "1"]
[TimeControl "5400+30"]

1. d4 d5 2. c4 c6 3. Nc3 Nf6 4. Nf3 e6 5. Bg5 h6 6. Bh4 dxc4 7. e3 b5 8. a4 Bb4 9. Be2 Bb7 10. O-O a6 11. e4 Be7 12. e5 Nd5 13. Bxe7 Nxe7 14. Ne4 Nc8 15. Nc5 Qc7 16. Nd2 O-O 17. Nde4 Rd8 18. Bh5 Ra7 19. Ra3 Nd7 20. Bxf7+ Kxf7 21. Qh5+ Ke7 22. Qg6 Rf8 23. Nxe6 Nxe5 24. dxe5 Qxe5 25. Nxf8 Kxf8 26. Rf3+ 1-0

[Event "White Rook U14 Final 2019"]
[Site "Sochi"]
[Date "2019.06.06"]
[Round "5.19"]
[White "Hrbek, Jachym"]
[Black "Zaiko, Stanislav"]
[Result "0-1"]
[ECO "A07"]
[WhiteElo "1394"]
[BlackElo "1176"]
[Annotator "NA RC"]
[PlyCount "66"]
[EventDate "2019.06.02"]
[EventCountry "RUS"]
[SourceTitle "playchess.com"]
[Source "ChessBase"]
[SourceQuality "1"]
[TimeControl "5400+30"]

1. Nf3 d5 2. g3 Nf6 3. Bg2 g6 4. O-O Bg7 5. c4 d4 6. e3 c5 7. exd4 cxd4 8. d3 O-O 9. Na3 Nc6 10. Nc2 e5 11. Re1 Re8 12. b4 Qc7 13. Bg5 h6 14. Bxf6 Bxf6 15. Nfxd4 Bd7 16. Nb3 Bf5 17. b5 Ne7 18. Ne3 Rad8 19. Nxf5 Nxf5 20. Qf3 e4 21. Rxe4 Bxa1 22. Nxa1 Qa5 23. Qe2 Rxe4 24. Bxe4 Nd4 25. Qb2 Qe1+ 26. Kg2 Ne2 27. Nb3 b6 28. Nd2 Qg1+ 29. Kh3 Qxf2 30. a4 Ng1+ 31. Kh4 Qxh2+ 32. Kg4 Qh5+ 33. Kf4 Qg5# 0-1

[Event "White Rook U14 Final 2019"]
[Site "Sochi"]
[Date "2019.06.06"]
[Round "5.20"]
[White "Zeliantsova, Kseniya"]
[Black "Hrbkova, Johana"]
[Result "1-0"]
[ECO "C22"]
[WhiteElo "1892"]
[BlackElo "1085"]
[Annotator "NA RC"]
[PlyCount "73"]
[EventDate "2019.06.02"]
[EventCountry "RUS"]
[SourceTitle "playchess.com"]
[Source "ChessBase"]
[SourceQuality "1"]
[TimeControl "5400+30"]

1. e4 e5 2. d4 exd4 3. Qxd4 Nc6 4. Qe3 Nf6 5. Nc3 Be7 6. Bd2 d5 7. exd5 Nxd5 8. Qg3 {[%emt 0:05:19] C22: Centre Game} Bf6 (8... Ncb4 9. Bb5+ Bd7 10. Nxd5 Nxd5 11. Bc4 Be6 12. O-O-O Qd6 13. Qxd6 Bxd6 14. Nf3 Nf4 15. Bxe6 Nxe6 {½-½ (25) Amonatov,F (2624)-Kazhgaleyev,M (2576) Dushanbe 2013}) 9. O-O-O Be6 10. Bc4 Be5 $146 ({Predecessor:} 10... Ne5 11. Bxd5 Bxd5 12. Bf4 Bh4 13. Qxg7 Ng6 14. Nxd5 Nxf4 15. Qxh8+ {1-0 (15) Sanchez,S-Rua,N San Felipe 1998}) 11. f4 Bd4 12. Nge2 Nxc3 $4 (12... Nde7 $16) 13. Bxc3 Bxc4 14. Nxd4 Bd5 15. Qxg7 Rf8 16. Nxc6 bxc6 17. Bb4 Kd7 18. Bxf8 Qxf8 19. Qxf8 Rxf8 20. c4 {[%emt 0:00:01] Pin} Ke6 21. Rhe1+ Kd6 22. Re5 {[%emt 0:01:13] Pin} f6 23. Rh5 {[%emt 0:00:00] Pin} ({Less strong is} 23. cxd5 fxe5 24. fxe5+ Kxe5 $16) 23... Rg8 24. g3 Ke6 25. cxd5+ cxd5 26. Rhxd5 Re8 27. f5+ Kf7 28. Rd7+ Kg8 29. Rxc7 a5 30. Rdd7 h5 31. Rg7+ Kh8 32. Rh7+ Kg8 33. Rxh5 Rd8 34. g4 Re8 35. g5 fxg5 36. f6 Rf8 37. Rg7# 1-0

[Event "White Rook U14 Final 2019"]
[Site "Sochi"]
[Date "2019.06.06"]
[Round "5.21"]
[White "Kolev, Georgi"]
[Black "Sargsyan, Gor K."]
[Result "0-1"]
[ECO "A47"]
[WhiteElo "1736"]
[BlackElo "1641"]
[Annotator "NA RC"]
[PlyCount "146"]
[EventDate "2019.06.02"]
[EventCountry "RUS"]
[SourceTitle "playchess.com"]
[Source "ChessBase"]
[SourceQuality "1"]
[TimeControl "5400+30"]

1. d4 Nf6 2. Nf3 b6 3. Bf4 Bb7 4. e3 e6 5. Bd3 Be7 6. O-O d5 7. Nbd2 Nbd7 8. Ne5 Nxe5 9. Bxe5 Bd6 10. Nf3 c5 11. Bb5+ Ke7 12. c3 a6 13. Bd3 Ne8 14. Re1 f6 15. Bxd6+ Nxd6 16. Nd2 Kf7 17. e4 cxd4 18. cxd4 dxe4 19. Nxe4 Nf5 20. Bc4 Bd5 21. Rc1 Bxc4 22. Rxc4 b5 23. Rb4 Qa5 24. a3 Rhd8 25. Re2 Qb6 26. Rd2 a5 27. Rb3 Nxd4 28. Qh5+ Kg8 29. Rh3 Qc7 30. Qxh7+ Kf7 31. Qh5+ Ke7 32. Rc3 Qd7 33. Qg6 Kf8 34. Rh3 Qf7 35. Qg4 Rac8 36. Rd1 Ke7 37. Rh7 Nf5 38. Ng3 Rc4 39. Nxf5+ exf5 40. Qf3 Rxd1+ 41. Qxd1 Qd5 42. Qe1+ Re4 43. Qc1 Qc6 44. Rxg7+ Kf8 45. Rc7 Qxc7 46. Qh6+ Ke8 47. Qh5+ Qf7 48. Qh8+ Ke7 49. h4 Rg4 50. h5 Qg7 51. Qa8 Kf7 52. Qb7+ Kg8 53. Qc8+ Kh7 54. Qxf5+ Kh6 55. g3 Qg5 56. Qc8 Qg7 57. Qf5 Rg5 58. Qf4 Kxh5 59. Kf1 Kg6 60. Qe4+ f5 61. Qe6+ Kh7 62. Qc6 Qxb2 63. Qh1+ Kg7 64. Qb7+ Kh6 65. Qh1+ Rh5 66. Qc6+ Kh7 67. Qd7+ Qg7 68. Qxb5 Rg5 69. Qc6 Rg6 70. Qh1+ Rh6 71. Qd5 Qa1+ 72. Ke2 Qb2+ 73. Kf1 Qb1+ 0-1